 Dungeon Crawl Stone Soup version 0.30-a0-862-g1aabd4f9c5 (webtiles) character file.

Game seed: 10425550478815995933

6287 bande the Cleaver (level 10, -10/63 HPs)
             Began as a Gargoyle Fighter on Mar 9, 2023.
             Was an Elder of Okawaru.
             Killed by divine providence
             ... invoked by an orc priest
              (14 damage)
             ... on level 9 of the Dungeon.
             The game lasted 00:21:27 (9236 turns).

bande the Cleaver (Gargoyle Fighter)                Turns: 9236, Time: 00:21:27

Health: -10/63     AC: 26    Str: 20    XL:     10   Next: 94%
Magic:  13/13      EV: 12    Int:  9    God:    Okawaru [****..]
Gold:   569        SH:  5    Dex: 13    Spells: 9/9 levels left

rFire   . . .      SeeInvis .    a - +1 war axe
rCold   . . .      Faith    .    c - +0 buckler
rNeg    + . .      Spirit   .    w - +0 chain mail
rPois   ∞          Reflect  .    (no helmet)
rElec   +          Rampage  .    e - +1 cloak
rCorr   .                        g - +1 pair of gloves
Will    .....                    (no boots) Stlth
                                 j - amulet of regeneration
HPRegen 1.10/turn                D - +5 ring of evasion
MPRegen 0.13/turn                r - +4 ring of protection

@: no status effects
A: sickness immunity, AC +7, negative energy resistance 1, electricity
resistance, torment resistance 1, petrification resistance
a: Renounce Religion, Heroism, Finesse


You were on level 9 of the Dungeon.
You worshipped Okawaru.
Okawaru was greatly pleased with you.
You visited 2 branches of the dungeon, and saw 10 of its levels.

You collected 569 gold pieces.

Inventory:

Hand Weapons
 a - a +1 war axe (weapon)
 l - a +0 flail
 u - a +0 war axe
Missiles
 m - a throwing net (quivered)
Armour
 c - a +0 buckler (worn)
 e - a +1 cloak (worn)
 g - a +1 pair of gloves (worn)
 w - a +0 chain mail (worn)
Jewellery
 h - a ring of flight
 j - an amulet of regeneration (around neck)
 r - a +4 ring of protection (right hand)
 D - a +5 ring of evasion (left hand)
Wands
 s - a wand of mindburst (15)
 y - a wand of flame (26)
 H - a wand of paralysis (7)
Scrolls
 f - a scroll of poison
 i - 6 scrolls of blinking
 n - a scroll of amnesia
 q - 2 scrolls of butterflies
 x - 2 scrolls of enchant armour
 A - a scroll of enchant weapon
 C - 3 scrolls of identify
 E - a scroll of fear
 F - a scroll of silence {unknown}
 G - a scroll of acquirement {unknown}
Potions
 b - a potion of cancellation
 d - a potion of might
 k - 3 potions of curing
 o - 2 potions of flight
 p - a potion of lignification {unknown}
 t - 3 potions of brilliance {unknown}
 v - 2 potions of mutation {unknown}
 z - 2 potions of attraction {unknown}
 B - a potion of heal wounds
 I - a potion of berserk rage
 J - a potion of invisibility
 K - a potion of degeneration {unknown}


   Skills:
 + Level 7.4 Fighting
 + Level 9.9 Axes
 + Level 7.2 Armour
 + Level 6.6 Shields
 * Level 5.0 Invocations
 * Level 4.8 Evocations


You had 9 spell levels left.
You didn't know any spells.
Your spell library contained the following spells:

 Spells                   Type           Power      Damage    Failure   Level
 Kiss of Death            Conj/Necr      0%         2d5       99%         1
 Confusing Touch          Hex            0%         N/A       100%        3
 Dispel Undead            Necr           0%         3d6       100%        4
 Iskenderun's Battlesphe  Conj           0%         2d6       100%        5
 Iron Shot                Conj/Erth      0%         9d1       100%        6
 Spellforged Servitor     Conj/Summ      Unusable   N/A       N/A         7

Dungeon Overview and Level Annotations

Branches:
Dungeon (9/15)             Temple (1/1) D:5             Orc (0/2) D:9
   Lair: D:8-11

Altars:
Ashenzari
Cheibriados
Fedhas
Gozag
Okawaru
Ru
Sif Muna
Trog
Uskayaw
Wu Jian
Xom
Yredelemnul
Zin

Shops:
D:8 *

Annotations:
D:5 2 transporters, DiggyJ's ghost, novice HOFi


Innate Abilities, Weirdness & Mutations

You are immune to sickness and miasma.
Your stone body is resilient. (AC +7)
You are immune to poison.
You resist negative energy. (rN+)
You are resistant to electric shocks. (rElec)
You are resistant to unholy torment.
You are immune to petrification.


Message History

You now have 569 gold pieces (gained 16).
K - a metallic blue potion You open the door. 9 orcs and a wraith come into view.
An orc priest is wielding a +0 short sword of protection.
The orc warrior shouts!
The orc priest shouts! x2; The orc shouts!
The orc priest shouts!
The orc warrior shouts!
The orc wizard shouts!
The orc shouts! x2; You hear a shout! x5
The orc wizard mumbles some strange words.
The orc wizard flickers and vanishes!
Deactivating autopickup; reactivate with Ctrl-A.
The orc priest mumbles some strange prayers to Beogh against you.
Beogh smites you!
An orc warrior comes into view. It is wielding a +0 hand axe.
An orc priest comes into view. It is wielding a +0 club.
The orc priest shouts!
Found 15 gold pieces.
Found a roughly hewn altar of Beogh.
You closely miss the wraith.
An orc comes into view. It is wielding a +0 dagger.
You block the wraith's attack.
The orc priest mumbles some strange prayers to Beogh against you.
Beogh smites you!
The orc priest looks encouraged for a moment.
You barely miss the wraith. The wraith hits you.
The orc priest calls down the wrath of Beogh upon you.
Beogh smites you!
The orc priest invokes the aid of Beogh against you.
Beogh smites you!
* * * LOW HITPOINT WARNING * * *
An orc comes into view. It is wielding a +0 whip.
An orc warrior comes into view. It is wielding a +0 scimitar.
The orc warrior shouts!
The orc priest invokes the aid of Beogh against you.
Beogh smites you!
* * * LOW HITPOINT WARNING * * *
The orc warrior moves out of view.
The wraith attacks as you move away! The wraith hits you but does no damage.
The orc priest mumbles some strange prayers to Beogh against you.
Beogh smites you!
You die...

..........#.....oo....*,,#######.
#########.#,o.8.o.8..,#.,* #. #
#.#,,.....o.,,#..* #. #
#.#**,...o.,**#..#######. # #.#
*,,ooo,,* #.......... # #(#
**##o##** #.......... # #.#
##8o8## #.......... # #.#
##8.W.8## #..........
#########.###8..@(.8###..........
.....................[...........
................>................
...........##.......###..........
##########.####...### #..........
# #.# #...# #.......... # #.#
#...# #.......... # #.# #...#
#.......... # #.# #...#
#..........


You could see a wraith, an orc warrior, 2 orc priests and 4 orcs.

Vanquished Creatures
  Erolcha (D:9)
  A two-headed ogre (D:8)
  A cyclops (D:7)
  Grinder (D:3)
  A slime creature (D:7)
  A shadow (D:7)
  5 yaks (D:8)
  Menkaure (D:4)
  3 water moccasins
  An acid dragon (D:9)
  An ice beast (D:5)
  2 sky beasts
  2 centaurs
  An ogre (D:6)
  2 phantoms (D:5)
  3 kobold brigands
  2 bullfrogs (D:7)
  3 scorpions
  5 wights (D:7)
  9 killer bees
  2 howler monkeys (D:7)
  5 hounds
  2 gnoll boudas
  2 orc priests
  Crazy Yiuf (D:6)
  A sleepcap (D:7)
  3 iguanas (D:6)
  10 orc wizards
  8 gnolls
  3 adders
  8 river rats (D:5)
  4 shadow imps
  A white imp (D:5)
  4 ufetubi (D:7)
  2 worms
  A dart slug (D:2)
  29 orcs
  5 endoplasms
  7 hobgoblins
  7 jackals
  12 quokkas
  6 ball pythons
  7 bats
  2 frilled lizards
  8 goblins
  19 kobolds
  13 rats
  A spectral kobold (D:1)
219 creatures vanquished.

Notes
Turn   | Place    | Note
-------+----------+-------------------------------------------
     0 | D:1      | bande the Gargoyle Fighter began the quest for the Orb.
     0 | D:1      | Reached XP level 1. HP: 14/14 MP: 1/1
    42 | D:1      | Found a faded altar of an unknown god.
   160 | D:1      | Reached XP level 2. HP: 19/19 MP: 2/2
   275 | D:1      | Reached skill level 2 in Axes
   712 | D:1      | Found a basalt altar of Yredelemnul.
   967 | D:2      | Reached XP level 3. HP: 24/24 MP: 3/3
  1396 | D:3      | Found an opulent altar of Gozag.
  1620 | D:2      | Reached XP level 4. HP: 29/29 MP: 4/4
  2183 | D:3      | Noticed Grinder
  2187 | D:3      | Paralysed by Grinder for 4 turns
  2200 | D:3      | Killed Grinder
  2201 | D:3      | Reached skill level 4 in Axes
  2201 | D:3      | Reached XP level 5. HP: 8/34 MP: 5/5
  2201 | D:3      | Reached XP level 6. HP: 9/39 MP: 6/6
  3088 | D:4      | Identified the +1 robe "Bacauc" {rElec Str+3 Int-5 Dex+4}
  3122 | D:4      | Noticed Menkaure
  3133 | D:4      | Killed Menkaure
  3284 | D:4      | Reached XP level 7. HP: 44/44 MP: 7/7
  3440 | D:4      | Reached skill level 5 in Armour
  3789 | D:5      | Entered Level 5 of the Dungeon
  3810 | D:5      | Reached skill level 5 in Axes
  3880 | D:5      | Reached skill level 5 in Fighting
  4081 | D:5      | Reached XP level 8. HP: 35/49 MP: 8/8
  4281 | D:5      | Reached skill level 6 in Axes
  4331 | D:5      | Found a transporter.
  4365 | D:5      | Reached skill level 5 in Shields
  4499 | D:5      | Identified the +9 hand axe "Oclim" {venom, rElec rN+++
                  | Will- Dex-5}
  4643 | D:5      | Found a transporter.
  4661 | D:5      | Reached skill level 1 in Evocations
  4715 | D:5      | Noticed DiggyJ's ghost (novice HOFi)
  5124 | D:6      | Reached skill level 7 in Axes
  5485 | D:6      | Found a runed translucent door.
  5486 | D:6      | Noticed Crazy Yiuf
  5853 | D:5      | Found a staircase to the Ecumenical Temple.
  5900 | Temple   | Entered the Ecumenical Temple
  5917 | Temple   | Became a worshipper of Warmaster Okawaru
  6013 | D:6      | Killed Crazy Yiuf
  6168 | D:7      | Reached XP level 9. HP: 55/55 MP: 9/9
  6221 | D:7      | Reached skill level 1 in Invocations
  6515 | D:7      | Reached skill level 8 in Axes
  6639 | D:7      | Reached * piety under Okawaru
  6648 | D:7      | Noticed a cyclops
  6687 | D:7      | Killed a cyclops
  6750 | D:6      | Reached ** piety under Okawaru
  7220 | D:7      | Reached XP level 10. HP: 59/61 MP: 12/12
  7513 | D:8      | Found Luzaczu's Assorted Antiques.
  7588 | D:8      | Reached skill level 9 in Axes
  7960 | D:8      | Noticed a two-headed ogre
  7967 | D:8      | Reached *** piety under Okawaru
  7977 | D:8      | Killed a two-headed ogre
  8483 | D:9      | Noticed Erolcha
  8519 | D:9      | Killed Erolcha
  8519 | D:9      | Reached **** piety under Okawaru
  9009 | D:9      | Reached skill level 5 in Invocations
  9124 | D:9      | Found a staircase to the Orcish Mines.
  9235 | D:9      | HP: 3/63 [orc priest/divine providence (9)]
  9236 | D:9      | Killed from afar by an orc priest

Illustrated notes

Levels and vault maps discovered:
D:1:      dpeg_arrival_water_altar, layout_loops_cross,
          dreamdust_ecumenical_altar_drowned_temple
D:2:      layout_basic
D:3:      layout_basic, grunt_gozag_breadcrumbs, minmay_misc_feat_columns,
          uniq_grinder
D:4:      layout_cave_pools, uniq_menkaure
D:5:      lemuel_ratsnest, layout_gridville, minmay_temple_entry_poolview,
          gammafunk_ghost_mausoleum, kennysheep_generic_room_10
D:6:      layout_loops_ring, kennysheep_generic_room_11, uniq_crazy_yiuf_cottage
D:7:      cheibrodos_fzero, layout_loops_ring
D:8:      layout_gridville, serial_shops, shop
D:9:      layout_small_grid, minmay_orc_entry_temple_large,
          minmay_misc_feat_alley, chequers_decorated_corner, uniq_erolcha
Temple:   compressed_dpeg_triangle_lava_temple

Skill      XL: |  1  2  3  4  5  6  7  8  9 10 |
---------------+-------------------------------+-----
Axes           | 2 4 5 7 8 9 |  9.9
Fighting       | 4 5 6 7 |  7.4
Armour         | 4 5 6 7 |  7.2
Shields        | 4 5 6 |  6.6
Evocations     | 2 3 4 |  4.8
Invocations    | 3 5 |  5.0

Action                     |  1- 3 |  4- 6 |  7- 9 | 10-12 || total
---------------------------+-------+-------+-------+-------++-------
  Melee: War axe           |   115 |    83 |   523 |   216 ||   937
    Use: Scroll            |     5 |       |     5 |     4 ||    14
         Potion            |       |       |     1 |       ||     1
 Armour: Scale mail        |    83 |    35 |    56 |       ||   174
         Chain mail        |       |       |   419 |   146 ||   565
  Dodge: Dodged            |    72 |    53 |   207 |   168 ||   500
  Block: Buckler           |    32 |    15 |   145 |    79 ||   271

Table legend: (Time is in decaauts)
 A = Elapsed time spent in this place.
 B = Non-inter-level travel time spent in this place.
 C = Inter-level travel time spent in this place.
 D = Time resting spent in this place.
 E = Time spent auto-exploring this place.
 F = Levels seen in this place.
 G = Mean time per level.
                   A        B        C        D        E       F      G
               +--------+--------+--------+--------+--------+-----+--------+
         Total |   9454 |   9147 |    307 |   1502 |   5192 |  10 |  945.4 |
       Dungeon |   9420 |   9113 |    307 |   1502 |   5192 |   9 | 1046.7 |
        Temple |     33 |     33 |      0 |      0 |      0 |   1 |   33.0 |
               +--------+--------+--------+--------+--------+-----+--------+

Top non-repeatable levels by time:
     D:5: 1337 daAuts
     D:3: 1330 daAuts
     D:6: 1298 daAuts
     D:7: 984 daAuts
     D:8: 969 daAuts
     D:9: 938 daAuts
     D:1: 920 daAuts
     D:2: 898 daAuts
     D:4: 742 daAuts
  Temple: 33 daAuts
